 Dungeon Crawl Stone Soup version 0.29.0-5-ge4962eb29e (webtiles) character file.

Game seed: 15086524987263881220

1640 Zeldest the Trooper (level 9, -4/57 (59) HPs)
             Began as a Djinni Delver on Aug 29, 2022.
             Was a Follower of Hepliaklqana.
             Killed by miscasting Vampiric Draining (5 damage)
             ... on level 6 of the Dungeon.
             The game lasted 00:09:01 (7175 turns).

Zeldest the Trooper (Djinni Delver)                 Turns: 7175, Time: 00:09:02

HP:   -4/57 (59)    AC:  5    Str:  8    XL:     9   Next: 18%
Gold: 300           EV: 14    Int: 17    God:    Hepliaklqana [*.....] SH:  0 Dex: 22

rFire   + + .      SeeInvis .   d - +5 mace of Due Proportion {vorpal, rCorr Str-3 Dex+8 Stlth-}
rCold   x . .      Faith    .   (no shield)
rNeg    . . .      Spirit   .   b - +0 leather armour
rPois   ∞          Reflect  .   (no helmet)
rElec   .          Harm     .   (no cloak)
rCorr   +          Rampage  .   B - +1 pair of gloves
Will    .....                   (boots unavailable)
Stlth   ++........              v - amulet of the acrobat
HPRegen 0.19/turn               (no ring)
MPRegen 0.00/turn               (no ring)

@: flying, very slightly contaminated, lightly drained
A: reduced essence, sickness immunity, fire resistance 2, cold vulnerability 1,
float, innate caster, HP casting, extra vitality 1
a: Renounce Religion, Recall Ancestor, Ancestor Identity


You were on level 6 of the Dungeon.
You worshipped Hepliaklqana.
Hepliaklqana was aware of your devotion.
You visited 1 branch of the dungeon, and saw 6 of its levels.
You also visited: Sewer.

You collected 300 gold pieces.

Inventory:

Hand Weapons
 a - a +0 spear
 d - the +5 mace of Due Proportion (weapon) {vorpal, rCorr Str-3 Dex+8 Stlth-}
   (You found it on level 4 of the Dungeon)

   It inflicts extra damage upon your enemies.
   Str:       It affects your strength (-3).
   Dex:       It affects your dexterity (+8).
   rCorr:     It protects you from acid and corrosion.
   Stlth:     It makes you less stealthy.
Armour
 b - a +0 leather armour (worn)
 B - a +1 pair of gloves (worn)
Jewellery
 v - an amulet of the acrobat (around neck)
Wands
 g - a wand of digging (6)
Scrolls
 c - a scroll of fog
 e - a scroll of noise
 f - 2 scrolls of butterflies
 n - a scroll of enchant armour
 o - 2 scrolls of enchant weapon {unknown}
 p - 3 scrolls of magic mapping
 q - a scroll of vulnerability {unknown}
 s - a scroll of immolation {unknown}
 t - 4 scrolls of fear
 y - a scroll of poison {unknown}
 C - a scroll of teleportation {unknown}
Potions
 h - 2 potions of might
 i - a potion of attraction
 j - a potion of lignification {unknown}
 k - a potion of mutation {unknown}
 l - 2 potions of haste
 m - a potion of magic {unknown}
 r - 2 potions of curing
 u - a potion of resistance {unknown}
 x - a potion of heal wounds {unknown}
 z - a potion of invisibility {unknown}
 A - a potion of flight {unknown}


   Skills:
 + Level 6.3 Fighting
 + Level 4.8 Polearms
 - Level 4.5 Dodging
 - Level 5.3 Stealth
 * Level 4.1 Spellcasting


You had 7 spell levels left.
You knew the following spells:

 Your Spells              Type           Power      Damage    Failure   Level
a - Vampiric Draining     Necr           17%        2d7       12%         3
b - Static Discharge      Conj/Air       17%        3-6/arc   6%          2
c - Apportation           Tloc           34%        N/A       4%          1
d - Inner Flame           Hex/Fire       17%        N/A       12%         3
Your spell library was empty.

Dungeon Overview and Level Annotations

Branches:
Dungeon (6/15)              Sewer (visited)
 Temple: D:4-7

Altars:
Fedhas
Hepliaklqana
Makhleb
Yredelemnul

Annotations:
D:3 3 runed translucent doors, voltaire321's ghost, amateur MfAr


Innate Abilities, Weirdness & Mutations

Your life essence is reduced to manifest your ancestor. (-10% HP)
You are immune to sickness and miasma.
You are immune to poison.
Your flesh is very heat resistant. (rF++)
You are vulnerable to cold. (rC-)
You float through the air rather than walking.
You learn spells naturally, not from books.
Your magical power is your life essence.
You have superior vitality. (+4 MHP)


Message History

Press: ? - help, Q - select action, (/) - cycle Shift-Dir - straight line, f - orc
Aim: an orc, wielding a +0 club You draw life force from the orc.
You feel life coursing into your body.
* * * LOW HITPOINT WARNING * * *
The orc closely misses you.
Aiming: Vampiric Draining (dangerous; 13% risk of failure)
Press: ? - help, Q - select action, (/) - cycle Shift-Dir - straight line, f/p - orc
Aim: an orc, wielding a +0 club (heavily wounded)
You draw life force from the orc.
You kill the orc!
You feel life coursing into your body.
* * * LOW HITPOINT WARNING * * *
You thump the necrophage!
The necrophage is moderately damaged.
Zael emerges from the mists of memory!
The necrophage closely misses you.
You hit the necrophage.
The necrophage is heavily damaged.
The necrophage closely misses you.
Zael misses the necrophage.
You hit the necrophage.
The necrophage is severely damaged.
The necrophage misses you.
Zael hits the necrophage but does no damage.
The necrophage hits you.
* * * LOW HITPOINT WARNING * * *
You hit the necrophage but do no damage.
The necrophage is severely damaged.
Zael hits the necrophage.
The necrophage hits you.
* * * LOW HITPOINT WARNING * * *
Zael hits the necrophage.
You hit the necrophage.
You destroy the necrophage!
Zael closely misses the kobold.
The kobold hits you with a +0 short sword.
* * * LOW HITPOINT WARNING * * *
Aiming: Vampiric Draining (dangerous; 12% risk of failure)
Press: ? - help, Q - select action, (/) - cycle Shift-Dir - straight line, f - kobold
Aim: a kobold, wielding a +0 short sword (ally target)
You miscast Vampiric Draining.
Flickering shadows surround you.
You feel drained.
You die...

####..# #.. #....##
#.# ....... ... ## .
..#######.##.. ..
............ ...
.....####.### ....
####........#####
.....
##...........##R.....
#.......###.@K......
#.......# ##########
#.......# #########


You could see the friendly Zael the ancestor and a kobold (ally target).

Vanquished Creatures
  Sigmund (D:3)
  Eustachio (D:5)
  A black bear (D:4)
  2 ogres (D:4)
  2 kobold brigands
  A scorpion (D:5)
  A necrophage (D:6)
  A howler monkey (D:4)
  3 orc priests
  5 hounds
  Ijyb (D:5)
  4 orc wizards
  3 gnolls (D:2)
  12 adders
  4 river rats
  3 ufetubi
  2 worms
  2 dart slugs
  9 orcs
  5 bats
  6 endoplasms
  4 giant cockroaches
  6 goblins
  10 hobgoblins
  4 jackals
  3 quokkas
  10 ball pythons
  3 frilled lizards (Sewer)
  16 kobolds
  8 rats
  A spectral kobold (D:4)
134 creatures vanquished.

Vanquished Creatures (collateral kills)
  A bullfrog (D:6)
  A jelly (D:6)
  An iguana (D:5)
3 creatures vanquished.

Vanquished Creatures (others)
  An ancestor (D:6)
  10 fungi (D:5)
  6 plants (Sewer)
17 creatures vanquished.

Grand Total: 154 creatures vanquished

Notes
Turn   | Place    | Note
-------+----------+-------------------------------------------
     0 | D:5      | Zeldest the Djinni Delver began the quest for the Orb.
     0 | D:5      | Reached XP level 1. HP: 20/20 MP: 0/0
     9 | D:5      | Noticed a hound
    20 | D:5      | Noticed a hound
    53 | D:5      | Reached XP level 2. HP: 9/25 MP: 0/0
   262 | D:4      | Noticed a howler monkey
   283 | D:4      | Killed a howler monkey
   284 | D:4      | Reached XP level 3. HP: 18/30 MP: 0/0
   284 | D:4      | Learned a level 1 spell: Apportation
   334 | D:4      | Reached XP level 4. HP: 24/35 MP: 0/0
   513 | D:4      | Noticed an ogre
   660 | D:4      | Identified the +5 mace of Due Proportion {vorpal, rCorr
                  | Str-3 Dex+8 Stlth-}
   661 | D:4      | Noticed a black bear
   675 | D:4      | Killed a black bear
   676 | D:4      | Reached XP level 5. HP: 36/41 MP: 0/0
   676 | D:4      | Learned a level 2 spell: Static Discharge
   776 | D:3      | Found a runed translucent gate.
   776 | D:3      | Found a runed translucent gate.
   777 | D:3      | Found a runed translucent gate.
   779 | D:3      | Noticed voltaire321's ghost (amateur MfAr)
   945 | D:3      | Noticed Sigmund
   959 | D:3      | Killed Sigmund
   960 | D:3      | Reached skill level 4 in Fighting
   960 | D:3      | Reached skill level 5 in Stealth
   960 | D:3      | Reached XP level 6. HP: 9/48 MP: 0/0
  1268 | D:3      | Reached XP level 7. HP: 35/53 MP: 0/0
  1268 | D:3      | Learned a level 3 spell: Vampiric Draining
  1365 | D:3      | Found a glowing drain.
  1373 | Sewer    | Entered a sewer
  3800 | D:1      | Noticed a great orb of eyes
  3807 | D:1      | Found a faded altar of an unknown god.
  3811 | D:1      | Noticed an eye of devastation
  4595 | D:4      | Reached skill level 5 in Fighting
  4595 | D:4      | Reached skill level 1 in Spellcasting
  4595 | D:4      | Reached XP level 8. HP: 25/59 MP: 0/0
  5496 | D:4      | Found a hazy altar of Hepliaklqana.
  5975 | D:1      | Prayed at the altar of an unknown god.
  5975 | D:1      | Became a worshipper of Hepliaklqana the Forgotten
  5975 | D:1      | Reached * piety under Hepliaklqana
  6146 | D:5      | Found a burning altar of Makhleb.
  6148 | D:5      | Noticed Ijyb
  6149 | D:5      | Found a basalt altar of Yredelemnul.
  6152 | D:5      | Found a blossoming altar of Fedhas.
  6155 | D:5      | Killed Ijyb
  6570 | D:5      | Noticed Eustachio
  6587 | D:5      | Killed Eustachio
  7125 | D:6      | Reached skill level 6 in Fighting
  7128 | D:6      | Reached XP level 9. HP: 58/59 MP: 0/0
  7128 | D:6      | Learned a level 3 spell: Inner Flame
  7175 | D:6      | Killed by miscasting Vampiric Draining

Illustrated notes

Levels and vault maps discovered:
D:1:      matt_arrival_diagonals, layout_basic,
          hellmonk_ecumenical_altar_watching_god,
          chequers_serial_rivers_large_a, minmay_pentomino_r4
D:2:      layout_basic
D:3:      layout_loops_corners, portal_sewer_entry_b,
          gammafunk_ghost_necromancy, minmay_misc_feat_diagonals, uniq_sigmund
D:4:      layout_loops_corners, nicolae_hepliaklqana_monster_ancestors,
          serial_park_tiny_pond
D:5:      layout_basic, grunt_temple_overflow_open,
          mainiacjoe_overflow_brackets, serial_aquarium, aquarium_bridge_square
          [aquarium_subvault_wall, aquarium_subvault_balcony,
          aquarium_subvault_bridge, aquarium_subvault_bridge],
          aquarium_bridge_square [aquarium_subvault_wall,
          aquarium_subvault_balcony, aquarium_subvault_bridge,
          aquarium_subvault_bridge], aquarium_window_1, aquarium_window_2,
          aquarium_window_1, aquarium_view_2b, aquarium_balcony_3b,
          nicolae_elevator_lobby_plus, uniq_eustachio, uniq_ijyb
D:6:      layout_rooms, eino_curves_01

Skill      XL: |  1  2  3  4  5  6  7  8  9 |
---------------+----------------------------+-----
Polearms       | 2 3 4 |  4.8
Dodging        | 3 4 |  4.5
Fighting       | 4 5 6 |  6.3
Stealth        | 5 |  5.3
Spellcasting   | 1 3 4 |  4.1

Action                   |  1- 3 |  4- 6 |  7- 9 || total
-------------------------+-------+-------+-------++-------
Melee: Spear             |    32 |    12 |       ||    44
       Mace              |       |    36 |   270 ||   306
       Punch             |       |       |     5 ||     5
 Cast: Static Discharge  |       |     6 |     5 ||    11
       Vampiric Draining |       |       |    12 ||    12
Invok: Recall Ancestor   |       |       |     1 ||     1
       Ancestor Identity |       |       |     1 ||     1
  Use: Scroll            |     2 |       |     6 ||     8
       Potion            |     1 |       |     2 ||     3
 Stab: Sleeping          |     2 |     5 |    15 ||    22
Armor: Leather armour    |     2 |    13 |    52 ||    67
Dodge: Dodged            |    14 |    50 |   247 ||   311
